 Dungeon Crawl Stone Soup version 0.31-a0-523-g071a6c1ffa (webtiles) character file.

Game seed: 14679895914257331203

522 Gelion the Changeling (level 7, -1/43 HPs)
             Began as an Octopode Shapeshifter on Aug 12, 2023.
             Was an Initiate of Gozag.
             Slain by an ogre
             ... wielding a +0 giant club
              (25 damage)
             ... on level 5 of the Dungeon.
             The game lasted 00:05:31 (3805 turns).

Gelion the Changeling (Octopode Shapeshifter)       Turns: 3805, Time: 00:05:31

Health: -1/43      AC:  1    Str: 15    XL:     7   Next: 22%
Magic:  7/7        EV: 13    Int: 16    God:    Gozag
Gold:   301        SH:  0    Dex: 14    Spells: 6/6 levels left

rFire   + .          .
                       - Unarmed
rCold   . . .        (shield currently unavailable)
rNeg    . . .        (helmet restricted)
rPois   .            (no amulet)
rElec   .            m - +4 ring of slaying
rCorr   .            g - ring of protection from fire
SInv    .            j - +6 ring of intelligence
Will    .....        (no ring)
Stlth   +            (no ring)
HPRegen 0.27/turn    (no ring)
MPRegen 0.10/turn    (no ring)
                     (no ring)

%: no passive effects
@: flux-form, glowing
A: glow, contaminating, reduced hp, almost no armour, amphibious, 8 rings,
camouflage 1, gelatinous body 1, (nimble swimmer 1), tentacles
a: Begin Untransformation, Renounce Religion, Potion Petition, Call Merchant,
Bribe Branch


You were on level 5 of the Dungeon.
You worshipped Gozag.
Gozag was aware of your devotion.
You were something dangerously unstable.
You visited 1 branch of the dungeon, and saw 5 of its levels.

You collected 354 gold pieces.
You paid 53 gold pieces to Gozag.

Inventory:

Jewellery
 g - a ring of protection from fire (right tentacle)
 j - a +6 ring of intelligence (on tentacle)
 m - a +4 ring of slaying (left tentacle)
Talismans
 c - a flux talisman (active)
Wands
 l - a wand of polymorph (6)
Scrolls
 d - 4 scrolls of teleportation
Potions
 a - a potion of curing
 e - a potion of brilliance
 f - 2 potions of might
 k - 2 potions of mutation
 n - 2 potions of attraction {unknown}
 o - a potion of magic {unknown}
 p - a potion of invisibility {unknown}


   Skills:
 + Level 3.6 Fighting
 - Level 2.0 Dodging
 + Level 4.7 Unarmed Combat
 * Level 5.3 Shapeshifting


You had 6 spell levels left.
You didn't know any spells.
Your spell library contained the following spells:

 Spells                   Type           Power      Damage    Failure   Level
 Foxfire                  Conj/Fire      0%         2x1d4     26%         1
 Ensorcelled Hibernation  Hex/Ice        0%         N/A       36%         2
 Passwall                 Tmut/Erth      0%         N/A       36%         2
 Ignite Poison            Fire/Tmut/Pois 0%         N/A       58%         3
 Swiftness                Air            0%         N/A       58%         3
 Sticky Flame             Conj/Fire      0%         2d3       94%         4
 Plasma Beam              Fire/Air       0%         2x1d10    100%        6
 Starburst                Conj/Fire      0%         6d3       100%        6
 Ignition                 Fire           0%         3d3       100%        8


Dungeon Overview and Level Annotations

Branches:
Dungeon (5/15)
 Temple: D:4-7

Altars:
Gozag
Qazlal
Ru
Sif Muna
Zin


Innate Abilities, Weirdness & Mutations

You are something dangerously unstable.
You glow with magical radiation, making you easy to see and hit.
Foes you strike become dangerously contaminated with magical radiation.
Your maximum health is decreased, since you lack skill for your form.
You are incapable of wielding weapons or throwing items.
You cannot wear most types of armour.
You are amphibious.
You can wear up to eight rings at the same time.
Your skin changes colour to match your surroundings (Stealth+).
Your rubbery body absorbs attacks. (AC +1, EV +1)
((You are camouflaged when in or above water. (Stealth+)))
You have tentacles for arms and can constrict up to eight enemies at once.


Message History

You feel sick.
You feel sick.
You feel sick.
You are no longer poisoned.
You now have 271 gold pieces (gained 12).
You now have 278 gold pieces (gained 7).
You now have 281 gold pieces (gained 3).
You now have 296 gold pieces (gained 15).
An orc comes into view. It is wielding a +0 falchion.
An orc is nearby!
An orc is nearby!
Found a book of Burglary.
You barely miss the orc. You grab the orc. Your squeeze misses the orc.
You constrict the orc. The orc hits you with a +0 falchion.
You tentacle-slap the orc.
The orc begins to glow.
You squeeze the orc.
You kill the orc!
No target in view!
You now have 301 gold pieces (gained 5).
You see here a +0 falchion.
You pick up a book of Fire and begin reading...
You add the spells Foxfire, Plasma Beam and Starburst to your library.
An ogre comes into view. It is wielding a +0 giant club.
The ogre shouts!
A quokka comes into view.
You bludgeon the ogre!
The ogre begins to glow.
The ogre is moderately wounded.
The ogre barely misses you.
You tentacle-slap the ogre.
The ogre glows dangerously bright.
The ogre is moderately wounded.
The ogre hits you with a +0 giant club!!
You tentacle-slap the ogre.
The ogre shudders as magic cascades through it!
The ogre twists and deforms.
The ogre is almost dead.
You closely miss the ogre.
The ogre is almost dead.
The ogre hits you with a +0 giant club!!
Ouch! That really hurt!
You die...
Your body crumbles into a pile of gold.

##... #....
#....# #.....
#.....#
.......##
......r.##
......OB.## ..
....###...## ...
# ##...## ....
##...####.... .#
##..........
...# ##.........
#...###.......##
#...........##
##.........##


You could see an ogre (misshapen) and a quokka.

Vanquished Creatures
  An orc warrior (D:4)
  A black bear (D:4)
  The ghost of GoodGuyCap the Changeling, an amateur OpSh (D:3)
  A hound (D:3)
  2 sleepcaps
  An orc wizard (D:4)
  9 adders
  A shadow imp (D:3)
  3 dart slugs
  4 orcs
  7 ball pythons
  7 endoplasms
  2 giant cockroaches (D:2)
  4 goblins
  8 hobgoblins
  3 jackals (D:2)
  A quokka (D:4)
  4 bats
  2 frilled lizards
  5 kobolds
  A rat (D:2)
68 creatures vanquished.

Notes
Turn   | Place    | Note
-------+----------+-------------------------------------------
     0 | D:1      | Gelion the Octopode Shapeshifter began the quest for the
                  | Orb.
     0 | D:1      | Reached XP level 1. HP: 13/13 MP: 1/1
   161 | D:1      | Reached XP level 2. HP: 18/18 MP: 2/2
   953 | D:2      | Reached XP level 3. HP: 13/23 MP: 3/3
  1334 | D:2      | Reached XP level 4. HP: 29/29 MP: 4/4
  1637 | D:3      | Found a runed translucent gate.
  1637 | D:3      | Found a runed translucent gate.
  1637 | D:3      | Found an opulent altar of Gozag.
  1638 | D:3      | Found a runed translucent gate.
  1643 | D:3      | Noticed GoodGuyCap's ghost (amateur OpSh)
  1708 | D:3      | Reached skill level 4 in Shapeshifting
  1741 | D:3      | Found a glowing silver altar of Zin.
  1966 | D:3      | Reached XP level 5. HP: 32/35 MP: 5/5
  2180 | D:3      | Killed GoodGuyCap's ghost
  2215 | D:3      | Became a worshipper of Gozag Ym Sagoz the Greedy
  2392 | D:4      | Identified the +6 war axe of Ruination {venom, rPois}
  2427 | D:4      | Found a stormy altar of Qazlal.
  2496 | D:4      | Reached XP level 6. HP: 41/41 MP: 6/6
  2641 | D:4      | Found a sacrificial altar of Ru.
  2659 | D:4      | Noticed a black bear
  2701 | D:4      | Killed a black bear
  2946 | D:4      | Found a shimmering blue altar of Sif Muna.
  3358 | D:4      | Noticed an orc warrior
  3434 | D:4      | Killed an orc warrior
  3435 | D:4      | Reached skill level 5 in Shapeshifting
  3435 | D:4      | Reached XP level 7. HP: 34/46 MP: 7/7
  3567 | D:5      | Entered Level 5 of the Dungeon
  3805 | D:5      | Slain by an ogre

Illustrated notes

Levels and vault maps discovered:
D:1:      scummos_arrival_simple_crosswalls, layout_basic
D:2:      layout_loops_ring, nicolae_figureground_pulse
D:3:      layout_loops_ring, mainiacjoe_overflow_paths, ebering_ghost_gozag
D:4:      layout_basic, mainiacjoe_overflow_chevrons,
          mainiacjoe_overflow_alcove_1, led_sif_pool, nicolae_nh_ransacked_shop
D:5:      layout_layer_cave, kennysheep_slug_shrine,
          nicolae_hepliaklqana_ecumenical_no_more

Skill      XL: |  1  2  3  4  5  6 |
---------------+-------------------+-----
Fighting       | 2 3 |  3.6
Shapeshifting  | 4 5 |  5.3
Unarmed Combat | 4 |  4.7
Dodging        | |  2.0

Action                     |  1- 3 |  4- 6 |  7- 9 || total
---------------------------+-------+-------+-------++-------
  Melee: Unarmed           |    53 |    77 |    17 ||   147
         Constrict         |    20 |    12 |     5 ||    37
         Tentacles         |    13 |     9 |     4 ||    26
         Punch             |     1 |     8 |       ||     9
    Use: Scroll            |       |     6 |     3 ||     9
         Potion            |       |     4 |       ||     4
   Stab: Sleeping          |     4 |     2 |       ||     6
         Distracted        |       |     1 |       ||     1
 Armour: Skin              |     2 |    20 |       ||    22
  Dodge: Dodged            |    30 |    32 |     5 ||    67
   Form: Flux              |       |       |     1 ||     1

Table legend: (Time is in decaauts)
 A = Elapsed time spent in this place.
 B = Non-inter-level travel time spent in this place.
 C = Inter-level travel time spent in this place.
 D = Time resting spent in this place.
 E = Time spent auto-exploring this place.
 F = Levels seen in this place.
 G = Mean time per level.
                   A        B        C        D        E       F      G
               +--------+--------+--------+--------+--------+-----+--------+
         Total |   3792 |   3689 |    103 |    103 |   3091 |   5 |  758.4 |
       Dungeon |   3792 |   3689 |    103 |    103 |   3091 |   5 |  758.4 |
               +--------+--------+--------+--------+--------+-----+--------+

Top non-repeatable levels by time:
     D:4: 1316 daAuts
     D:3: 795 daAuts
     D:2: 736 daAuts
     D:1: 707 daAuts
     D:5: 236 daAuts
